 Dungeon Crawl Stone Soup version 0.18-a0-1109-gfc003ac (webtiles) character file.

43 4thArraOfDagon the Chopper (level 3, -2/49 HPs)
             Began as a Hill Orc Berserker on Jan 16, 2016.
             Was a Believer of Trog.
             Slain by a slave (3 damage)
             ... led by Pikel
             ... on level 4 of the Dungeon.
             The game lasted 00:01:48 (304 turns).

4thArraOfDagon the Chopper (Hill Orc Berserker)      Turns: 304, Time: 00:01:49

Health: -2/49      AC:  2    Str: 25    XL:     3   Next: 58%
Magic:  3/3        EV: 12    Int:  7    God:    Trog [**....]
Gold:   52         SH:  0    Dex: 10    Spells: 0 memorised, 2 levels left

rFire  . . .     SeeInvis .     a - +0 hand axe
rCold  + . .     Gourm    .     b - +0 animal skin
rNeg   . . .     Faith    .     (no shield)
rPois  .         Spirit   .     (no helmet)
rElec  .         Dismiss  .     (no cloak)
rCorr  .         Reflect  .     (no gloves)
SustAt .         Harm     .     (no boots)
MR     .....                    e - amulet of magic regeneration
Stlth  ..........               (no ring)
                                l - ring of protection from cold

@: berserking, very quick, not resistant to hostile enchantments, extremely
unstealthy
A: no striking features
a: Berserk, Trog's Hand, Burn Spellbooks, Renounce Religion


You were on level 4 of the Dungeon.
You worshipped Trog.
Trog was pleased with you.
You were hungry.

You visited 1 branch of the dungeon, and saw 4 of its levels.

You collected 52 gold pieces.

Inventory:

Hand Weapons
 a - a +0 hand axe (weapon)
Armour
 b - a +0 animal skin (worn)
Jewellery
 e - an amulet of magic regeneration (around neck)
 l - a ring of protection from cold (left hand)
Wands
 k - a wand of confusion (44/48)
Scrolls
 f - a scroll of identify {unknown}
 h - a scroll of blinking {unknown}
 i - a scroll of magic mapping {unknown}
Comestibles
 c - 3 bread rations
 d - a meat ration
 j - 2 chunks of flesh


   Skills:
 + Level 4.1 Fighting
 * Level 4.9 Axes
 + Level 3.1 Armour
 - Level 1.5 Dodging


You had 2 spell levels left.
You didn't know any spells.

Dungeon Overview and Level Annotations

Branches:
Dungeon (4/15)
 Temple: D:4-7

Altars:

Annotations:
D:4 Duvessa, Pikel


Message History

You barely miss the slave.
The slave is moderately wounded.
The slave hits you!
* * * LOW HITPOINT WARNING * * *
Pikel hits you with a whip of freezing!
* * * LOW HITPOINT WARNING * * *
Pikel freezes you.
* * * LOW HITPOINT WARNING * * *
You barely miss Pikel.
Pikel is lightly wounded.
You slash Duvessa!
Duvessa is moderately wounded.
You hit the slave but do no damage. You closely miss the slave.
The slave is moderately wounded.
You hit the slave but do no damage.
The slave is moderately wounded.
The slave misses you. Duvessa hits you but does no damage.
The orc wizard gestures wildly while chanting.
The orc wizard blinks!
The slave closely misses you. The slave hits you.
You die...

.. #..[.# ....
#....# ....#####
#....#######
.........
+...e')....e
........#
#....#.#####
#..ยง...#####....#.#
+.....p........##.#
#....pKe######.##.#
#....p@.# #.##.#
#....p..# #.##.#
##...$[... ..##.#
#.####.### ####.# #
#.. #.# ##.# #.# ..
#.# #.# #.# #.#


You could see Pikel, Duvessa and 4 slaves.

Vanquished Creatures
  An adder (D:3)
  An ooze (D:1)
  A giant gecko (D:4)
  2 orcs (D:4)
  2 giant cockroaches (D:1)
  5 hobgoblins
  3 bats
  A giant newt (D:1)
  4 goblins
  2 kobolds (D:1)
  3 rats (D:1)
25 creatures vanquished.

Notes
Turn   | Place    | Note
--------------------------------------------------------------
     0 | D:1      | 4thArraOfDagon the Hill Orc Berserker began the quest for the Orb.
     0 | D:1      | Reached XP level 1. HP: 19/19 MP: 1/1
    88 | D:1      | Reached XP level 2. HP: 27/27 MP: 2/2
   203 | D:2      | Reached XP level 3. HP: 19/33 MP: 3/3
   206 | D:2      | Reached ** piety under Trog
   284 | D:4      | Noticed Duvessa
   294 | D:4      | Noticed a slave
   294 | D:4      | Noticed Pikel
   295 | D:4      | Noticed a slave
   296 | D:4      | Noticed a slave
   296 | D:4      | Noticed a slave
   303 | D:4      | HP: 2/49 [Pikel/whip of freezing (9)]
   304 | D:4      | Slain by a slave

Vault maps used:
D:1:      dpeg_arrival_boxorama
D:2:      lemuel_crystal_altar, guppyfry_early_orc_mine
D:3:      grunt_dithmenos_smoke, uniq_crazy_yiuf_cottage
D:4:      kennysheep_little_box, grunt_temple_overflow_open, first_bread,
          uniq_duvessa, uniq_menkaure, uniq_pikel

Action                   || total
-------------------------++-------
Melee: Hand axe          ||    57
Invok: Berserk           ||     4
       Trog's Hand       ||     1
  Use: Potion            ||     2
  Eat: Chunk             ||     1
